 Dungeon Crawl Stone Soup version 0.29-a0-866-g0545e20025 (webtiles) character file.

Game seed: 143911944470094606

322 Malachi the Gusty (level 6, 0/44 HPs)
             Began as a Gnoll Air Elementalist on July 17, 2022.
             Slain by a gnoll
             ... wielding a +0 halberd
              (15 damage)
             ... on level 4 of the Dungeon.
             The game lasted 00:06:33 (3665 turns).

Malachi the Gusty (Gnoll Air Elementalist)          Turns: 3665, Time: 00:06:34

Health: 0/44       AC:  4    Str:  7    XL:     6   Next: 47%
Magic:  11/23      EV: 13    Int: 16    God:
Gold:   107        SH:  0    Dex: 13    Spells: 5/15 levels left

rFire   . . .      SeeInvis .   q - +0 dagger
rCold   . . .      Faith    .   (no shield)
rNeg    . . .      Spirit   .   a - +0 robe
rPois   .          Reflect  .   p - +2 hood of the Assassin {Detection Stab+ Stlth++}
rElec   .          Harm     .   u - scarf {+Inv}
rCorr   .          Rampage  .   (no gloves)
Will    .....                   (no boots)
Stlth   +++++.....              (no amulet)
HPRegen 0.14/turn               h - ring of magical power
MPRegen 0.18/turn               (no ring)

@: swift, very quick
A: fangs 1, strong nose, distributed training
a: Evoke Invisibility


You were on level 4 of the Dungeon.
You visited 1 branch of the dungeon, and saw 4 of its levels.

You collected 143 gold pieces.
You spent 36 gold pieces at shops.

Inventory:

Hand Weapons
 q - a +0 dagger (weapon)
Armour
 a - a +0 robe (worn)
 p - the +2 hood of the Assassin (worn) {Detection Stab+ Stlth++}
   (You found it on level 3 of the Dungeon)

   It allows the wearer to sense nearby creatures.
   It allows the wearer to make particularly effective stabbing attacks against
   helpless or unaware enemies with any weapon.
   Stlth:     It makes you much more stealthy.
 u - a scarf of invisibility (worn)
Jewellery
 h - a ring of magical power (left hand)
 r - a +6 ring of dexterity
Wands
 k - a wand of roots (7)
 t - a wand of light (5)
 v - a wand of flame (12)
Scrolls
 c - a scroll of enchant weapon {unknown}
 d - 4 scrolls of teleportation {unknown}
 f - 3 scrolls of noise {unknown}
 l - a scroll of identify {unknown}
 n - a scroll of fog {unknown}
 o - a scroll of amnesia {unknown}
 s - a scroll of blinking {unknown}
 w - a scroll of poison {unknown}
Potions
 b - a potion of magic
 e - 2 potions of mutation {unknown}
 g - 4 potions of curing
 i - a potion of invisibility {unknown}
 j - a potion of flight {unknown}
 m - a potion of brilliance {unknown}


   Skills:
 + Level 2.0 Fighting
 + Level 2.0 Short Blades
 + Level 2.0 Long Blades
 + Level 2.0 Axes
 + Level 2.0 Maces & Flails
 + Level 2.0 Polearms
 + Level 2.0 Staves
 + Level 2.0 Ranged Weapons
 + Level 2.0 Throwing
 + Level 2.0 Armour
 + Level 5.0 Dodging
 + Level 4.6 Stealth
 + Level 2.0 Shields
 + Level 2.0 Unarmed Combat
 + Level 5.4 Spellcasting
 + Level 2.7 Conjurations
 + Level 1.6 Hexes
 + Level 1.6 Summonings
 + Level 1.6 Necromancy
 + Level 1.6 Translocations
 + Level 1.6 Transmutations
 + Level 1.6 Fire Magic
 + Level 1.6 Ice Magic
 + Level 5.7 Air Magic
 + Level 1.6 Earth Magic
 + Level 1.6 Poison Magic
 + Level 2.2 Invocations
 + Level 2.0 Evocations


You had 5 spell levels left.
You knew the following spells:

 Your Spells              Type           Power      Damage    Failure   Level
a - Shock                 Conj/Air       68%        1d7       2%          1
b - Static Discharge      Conj/Air       17%        3-6/arc   4%          2
c - Swiftness             Air            22%        N/A       4%          3
d - Airstrike             Air            11%        0-5+      14%         4

Your spell library contained the following spells:

 Spells                   Type           Power      Damage    Failure   Level
 Confusing Touch          Hex            9%         N/A       22%         3
 Yara's Violent Unravell  Hex/Tmut       4%         3d4       91%         5
 Enfeeble                 Hex            4%         N/A       100%        7


Dungeon Overview and Level Annotations

Branches:
Dungeon (4/15)
 Temple: D:4-7

Altars:

Shops:
D:4 (!?

Annotations:
D:3 1 exclusion


Innate Abilities, Weirdness & Mutations

You have very sharp teeth.
Your uncanny sense of smell can sniff out nearby items.
Your experience applies equally to all skills.


Message History

The zap hits the gnoll but does no damage.
The gnoll is severely wounded.
The gnoll barely misses you.
Aiming: Shock (safe; 2% risk of failure)
Press: ? - help, Q - select action, (/) - cycle Shift-Dir - straight line, f/p - gnoll
Aim: a gnoll, wielding a +0 flail (severely wounded, 75% to hit)
The zap hits the gnoll.
You kill the gnoll!
The zap hits the gnoll.
The gnoll is moderately wounded.
The gnoll hits you from afar with a +0 halberd!
A ball python comes into view.
Aiming: Shock (safe; 2% risk of failure)
Press: ? - help, Q - select action, (/) - cycle Shift-Dir - straight line, f - gnoll
Aim: a gnoll, wielding a +0 flail (moderately wounded, 75% to hit)
The zap hits the gnoll.
The gnoll is severely wounded.
The ball python hisses angrily.
The gnoll closely misses you. The gnoll hits you with a +0 flail!
Casting: Shock (safe; 2% risk of failure)
Confirm with . or Enter, or press ? or * to list all spells.
The gnoll is struck by an arc of lightning.
You kill the gnoll!
You are struck by an arc of lightning.
A hobgoblin comes into view.
The gnoll closely misses you.
Unknown command.
Unknown command.
You tear a large gash into the net.
The gnoll hits you from afar with a +0 halberd.
You shred the net and break free! The gnoll barely misses you.
Casting: Static Discharge (safe; 4% risk of failure)
Confirm with . or Enter, or press ? or * to list all spells.
Okay, then.
Casting: Static Discharge (safe; 4% risk of failure)
Confirm with . or Enter, or press ? or * to list all spells.
You feel quick.
The hobgoblin shouts!
The gnoll hits you from afar with a +0 halberd!
You die...

##.##.....≈≈∩..........
#. #.....≈≈≈≈≈#........
##.....≈≈≈..#.......
.##.##.......##.......
....#.......)# ......
.........##....#.....
........##..##.......
....#...###.#......
.......@.##........
.P.....S##..##.....
PP...##g...........
###.# ##......... #.
##.)...... # ##......#
.g....# ....... $..#...


You could see a gnoll, a hobgoblin and a ball python.

Vanquished Creatures
  A water moccasin zombie (D:4)
  3 orc priests (D:3)
  A hound zombie (D:4)
  2 adders
  6 gnolls
  An adder zombie (D:4)
  An adder skeleton (D:4)
  2 worms
  2 dart slugs
  8 orcs
  3 endoplasms
  5 giant cockroaches
  4 goblins
  9 hobgoblins
  4 kobolds
  8 ball pythons
  3 bats
  4 frilled lizards
  6 rats
73 creatures vanquished.

Vanquished Creatures (others)
  A withered plant (D:4)
1 creature vanquished.

Grand Total: 74 creatures vanquished

Notes
Turn   | Place    | Note
-------+----------+-------------------------------------------
     0 | D:1      | Malachi the Gnoll Air Elementalist began the quest for the
                  | Orb.
     0 | D:1      | Reached XP level 1. HP: 13/13 MP: 6/6
   392 | D:1      | Reached XP level 2. HP: 19/19 MP: 5/7
   584 | D:1      | Found a faded altar of an unknown god.
  1126 | D:2      | Learned a level 2 spell: Static Discharge
  1303 | D:2      | Reached skill level 5 in Spellcasting
  1303 | D:2      | Reached XP level 3. HP: 25/25 MP: 9/9
  1441 | D:2      | Reached skill level 1 in Invocations
  1670 | D:2      | Reached skill level 1 in Fighting
  1670 | D:2      | Reached skill level 1 in Short Blades
  1670 | D:2      | Reached skill level 1 in Long Blades
  1670 | D:2      | Reached skill level 1 in Axes
  1670 | D:2      | Reached skill level 1 in Maces & Flails
  1670 | D:2      | Reached skill level 1 in Polearms
  1670 | D:2      | Reached skill level 1 in Staves
  1670 | D:2      | Reached skill level 1 in Ranged Weapons
  1670 | D:2      | Reached skill level 1 in Throwing
  1670 | D:2      | Reached skill level 1 in Armour
  1670 | D:2      | Reached skill level 1 in Shields
  1670 | D:2      | Reached skill level 1 in Unarmed Combat
  1670 | D:2      | Reached skill level 1 in Evocations
  2116 | D:3      | Reached XP level 4. HP: 22/32 MP: 11/11
  2247 | D:3      | Found the +2 hood of the Assassin {Detection Stab+ Stlth++}
  2331 | D:3      | Learned a level 3 spell: Swiftness
  2336 | D:3      | Learned a level 4 spell: Airstrike
  2363 | D:3      | Reached skill level 1 in Hexes
  2363 | D:3      | Reached skill level 1 in Summonings
  2363 | D:3      | Reached skill level 1 in Necromancy
  2363 | D:3      | Reached skill level 1 in Translocations
  2363 | D:3      | Reached skill level 1 in Transmutations
  2363 | D:3      | Reached skill level 1 in Fire Magic
  2363 | D:3      | Reached skill level 1 in Ice Magic
  2363 | D:3      | Reached skill level 1 in Earth Magic
  2363 | D:3      | Reached skill level 1 in Poison Magic
  2553 | D:3      | Reached XP level 5. HP: 34/37 MP: 12/12
  3365 | D:4      | Reached XP level 6. HP: 44/44 MP: 13/13
  3448 | D:4      | Found Xeghurul's Antique Weapon Emporium.
  3462 | D:4      | Found Ceskih's Distillery.
  3487 | D:4      | Bought a potion of curing for 36 gold pieces
  3504 | D:4      | Found Tous's Magic Scroll Shop.
  3565 | D:4      | Reached skill level 5 in Dodging
  3665 | D:4      | Slain by a gnoll

Illustrated notes

Levels and vault maps discovered:
D:1:      amcnicky_arrival_double_pillar, layout_loops_ring,
          ebering_ecumenical_altar_rust, st_stairs_8
D:2:      layout_basic, serial_bayou_pond_e, minmay_worlds_worst_comb
D:3:      layout_basic, chequers_garden
D:4:      layout_cave_pools, nicolae_wu_jian_immortal_techniques,
          minmay_temple_entry_grid, serial_shops, shop_statue,
          kennysheep_little_box, nicolae_shop_waterfront, serial_undead,
          serial_undead_f, serial_undead_b, serial_undead_c, serial_undead_b

Skill      XL: |  1  2  3  4  5  6 |
---------------+-------------------+-----
Conjurations   | 2 |  2.7
Spellcasting   | 5 |  5.4
Invocations    | 1 2 |  2.2
Fighting       | 1 2 |  2.0
Short Blades   | 1 2 |  2.0
Long Blades    | 1 2 |  2.0
Axes           | 1 2 |  2.0
Maces & Flails | 1 2 |  2.0
Polearms       | 1 2 |  2.0
Staves         | 1 2 |  2.0
Ranged Weapons | 1 2 |  2.0
Throwing       | 1 2 |  2.0
Armour         | 1 2 |  2.0
Shields        | 1 2 |  2.0
Unarmed Combat | 1 2 |  2.0
Evocations     | 1 2 |  2.0
Hexes          | 1 |  1.6
Summonings     | 1 |  1.6
Necromancy     | 1 |  1.6
Translocations | 1 |  1.6
Transmutations | 1 |  1.6
Fire Magic     | 1 |  1.6
Ice Magic      | 1 |  1.6
Earth Magic    | 1 |  1.6
Poison Magic   | 1 |  1.6
Dodging        | 5 |  5.0
Stealth        | |  4.6
Air Magic      | |  5.7

Action                   |  1- 3 |  4- 6 || total
-------------------------+-------+-------++-------
Melee: Dagger            |       |    23 ||    23
       Bite              |       |     2 ||     2
 Cast: Shock             |    71 |    94 ||   165
       Static Discharge  |     4 |     6 ||    10
       Swiftness         |       |     1 ||     1
Armor: Robe              |     2 |     9 ||    11
Dodge: Dodged            |    13 |    34 ||    47

Table legend: (Time is in decaauts)
 A = Elapsed time spent in this place.
 B = Non-inter-level travel time spent in this place.
 C = Inter-level travel time spent in this place.
 D = Time resting spent in this place.
 E = Time spent auto-exploring this place.
 F = Levels seen in this place.
 G = Mean time per level.
                   A        B        C        D        E       F      G
               +--------+--------+--------+--------+--------+-----+--------+
         Total |   3663 |   3471 |    192 |    470 |   2546 |   4 |  915.8 |
       Dungeon |   3663 |   3471 |    192 |    470 |   2546 |   4 |  915.8 |
               +--------+--------+--------+--------+--------+-----+--------+

Top non-repeatable levels by time:
     D:2: 1350 daAuts
     D:1: 1095 daAuts
     D:3: 904 daAuts
     D:4: 313 daAuts
